 Dungeon Crawl Stone Soup version 0.32-a0-361-g289a535e89 (webtiles) character file.

Game seed: 6269350006570196043

284 Ceno the Slasher (level 6, 0/47 HPs)
             Began as a Coglin Warper on Feb 18, 2024.
             Slain by a ball python (2 damage)
             ... on level 4 of the Dungeon on Feb 19, 2024.
             The game lasted 00:10:42 (3319 turns).

Ceno the Slasher (Coglin Warper)                    Turns: 3319, Time: 00:10:43

Health: 0/47       AC:  3    Str: 17    XL:     6   Next: 29%
Magic:  6/8        EV:  9    Int: 13    God:
Gold:   253        SH:  0    Dex: 15    Spells: 4/8 levels left

rFire   . . .        s - +0 long sword {Navbir}
rCold   . . .        a - +0 falchion {Natsumi}
rNeg    . . .        b - +0 leather armour
rPois   .            (no helmet)
rElec   .            l - scarf {shadows}
rCorr   .            (no gloves)
SInv    .            (no boots)
Will    .....        (no amulet)
Stlth   +            r - +6 ring of strength
HPRegen 0.27/turn    (no ring)
MPRegen 0.11/turn

%: no passive effects
@: on blink cooldown, constricted, revving
A: off-hand wielding, slow wielding, warmup strikes, warmup strides
a: no special abilities


You were on level 4 of the Dungeon.
You visited 1 branch of the dungeon, and saw 4 of its levels.

You collected 253 gold pieces.

Inventory:

Hand Weapons
 a - a +0 falchion (worn) {Natsumi}
 s - a +0 long sword (weapon) {Navbir}
Missiles
 d - 7 darts of dispersal
 e - 21 stones (quivered)
 o - 5 poisoned darts
 w - 2 curare-tipped darts
Armour
 b - a +0 leather armour (worn)
 i - a +0 scale mail
 l - a scarf of shadows (worn)
Jewellery
 r - a +6 ring of strength (left grasper)
 v - a ring of fire
Wands
 u - a wand of roots (6)
Scrolls
 c - 2 scrolls of blinking
 g - 3 scrolls of identify
 j - a scroll of immolation {unknown}
 k - a scroll of noise {unknown}
 m - a scroll of brand weapon {unknown}
 n - a scroll of teleportation
 x - a scroll of fog {unknown}
Potions
 f - 3 potions of curing
 h - a potion of ambrosia
 p - 2 potions of degeneration
 q - 2 potions of might
 t - 2 potions of heal wounds


   Skills:
 + Level 3.5 Fighting
 * Level 4.6 Long Blades
 - Level 0.8 Throwing
 - Level 0.8 Armour
 - Level 2.2 Dodging
 - Level 1.7 Spellcasting
 + Level 4.0 Translocations


You had 4 spell levels left.
You knew the following spells:

 Your Spells              Type           Power      Damage    Failure   Level
a - Blink                 Tloc           22%        N/A       9%          2
b - Lesser Beckoning      Tloc           22%        N/A       9%          2

Your spell library contained the following spells:

 Spells                   Type           Power      Damage    Failure   Level
 Apportation              Tloc           22%        N/A       6%          1
 Teleport Other           Tloc           11%        N/A       17%         3
 Jinxbite                 Hex            2%         N/A       43%         2
 Manifold Assault         Tloc           11%        N/A       50%         4
 Dazzling Flash           Conj/Hex       2%         N/A       67%         3
 Mephitic Cloud           Conj/Alch/Air  1%         N/A       67%         3
 Vhi's Electric Charge    Tloc/Air       12%        N/A       80%         4
 Alistair's Intoxication  Alch           0%         N/A       100%        5
 Curse of Agony           Necr           1%         N/A       100%        5
 Silence                  Hex/Air        0%         N/A       100%        5


Dungeon Overview and Level Annotations

Branches:
Dungeon (4/15)
 Temple: D:4-7

Altars:

Annotations:
D:2 1 runed translucent door, Crazy Yiuf
D:4 Pikel


Innate Abilities, Weirdness & Mutations

You can wield a second weapon in your off-hand.
It takes a long time for you to wield or remove held weapons.
Your first few attacks do less damage.
Your first movements take longer.


Message History

Pikel burns you. The grasping roots constrict you.
You hit Pikel but do no damage. You slash Pikel with your +0 falchion!
A lemure comes into view.
Pikel hits you but does no damage. The grasping roots constrict you.
You closely miss Pikel with your +0 falchion.
Pikel is lightly wounded.
You hit Pikel but do no damage.
Pikel hits you with a +1 whip of flaming.
Pikel burns you. The grasping roots constrict you.
Pikel hits you with a +1 whip of flaming.
* * * LOW HITPOINT WARNING * * *
Pikel burns you.
* * * LOW HITPOINT WARNING * * *
The grasping roots constrict you.
* * * LOW HITPOINT WARNING * * *
You slash Pikel with your +0 long sword!
Pikel is moderately wounded.
You hit Pikel but do no damage.
Pikel hits you with a +1 whip of flaming.
* * * LOW HITPOINT WARNING * * *
Pikel burns you.
* * * LOW HITPOINT WARNING * * *
The grasping roots constrict you.
* * * LOW HITPOINT WARNING * * *
The grasping roots release their grip on you.
Casting: Lesser Beckoning (safe; 9% risk of failure)
Confirm with . or Enter, or press ? or * to list all spells.
You blink.
A ball python and a kobold come into view.
The ball python hisses angrily.
An adder comes into view.
A quokka comes into view.
The ball python bites you but does no damage.
The ball python misses you. The ball python closely misses you.
The ball python grabs you. The ball python constricts you.
* * * LOW HITPOINT WARNING * * *
An orc comes into view. It is wielding a +0 short sword.
A lemure comes into view.
The ball python bites you.
You die...

#....#
#ยง####
#.# #K#
#.# #5#
.# #.#
or..##5#
....5S@#
.....K##
.###..
#.S #..
... ..#.


You could see Pikel, 3 lemures, an adder (wandering), an orc (wandering), a
quokka (wandering), a ball python and a kobold.

Vanquished Creatures
  A scorpion (D:4)
  2 hounds
  A sleepcap (D:4)
  An adder (D:3)
  3 dart slugs
  A ribbon worm (D:2)
  6 orcs
  6 ball pythons
  3 endoplasms (D:1)
  4 giant cockroaches
  4 goblins
  5 hobgoblins
  4 jackals (D:1)
  4 quokkas
  4 bats
  2 frilled lizards
  10 kobolds
  7 rats
68 creatures vanquished.

Notes
Turn   | Place    | Note
-------+----------+-------------------------------------------
     0 | D:1      | Ceno the Coglin Warper began the quest for the Orb.
     0 | D:1      | Reached XP level 1. HP: 16/16 MP: 3/3
   165 | D:1      | Reached XP level 2. HP: 9/22 MP: 4/4
   334 | D:1      | Learned a level 2 spell: Blink
   455 | D:1      | Reached XP level 3. HP: 27/28 MP: 5/5
  1080 | D:2      | Learned a level 2 spell: Lesser Beckoning
  1239 | D:2      | Reached XP level 4. HP: 26/34 MP: 6/6
  1672 | D:2      | Found a runed translucent door.
  1673 | D:2      | Noticed Crazy Yiuf
  2485 | D:3      | Reached XP level 5. HP: 36/41 MP: 7/7
  2919 | D:4      | Noticed a phantom
  3085 | D:4      | Reached XP level 6. HP: 47/47 MP: 8/8
  3307 | D:4      | Noticed Pikel
  3317 | D:4      | HP: 2/47 [constriction (5)]
  3319 | D:4      | Slain by a ball python

Illustrated notes

Levels and vault maps discovered:
D:1:      dpeg_arrival_rhombi, layout_loops_ring, minivault_25
D:2:      layout_loops_ring, uniq_crazy_yiuf_cottage
D:3:      layout_basic
D:4:      layout_loops_cross, dk_noncrumbling_3, minmay_vboxes, uniq_pikel

Skill      XL: |  1  2  3  4  5 |
---------------+----------------+-----
Dodging        | 2 |  2.2
Long Blades    | 3 4 |  4.6
Fighting       | 3 |  3.5
Translocations | 4 |  4.0
Throwing       | |  0.8
Armour         | |  0.8
Spellcasting   | |  1.7

Action                     |  1- 3 |  4- 6 || total
---------------------------+-------+-------++-------
  Melee: Falchion          |    95 |    86 ||   181
         Long sword        |       |    45 ||    45
  Throw: Stone             |       |     1 ||     1
         Dart              |       |     4 ||     4
   Cast: Lesser Beckoning  |     1 |     5 ||     6
         Blink             |       |     1 ||     1
    Use: Scroll            |     2 |     4 ||     6
   Stab: Sleeping          |       |     2 ||     2
 Armour: Leather armour    |    29 |    46 ||    75
         Scale mail        |    32 |       ||    32
  Dodge: Dodged            |    49 |    41 ||    90

Table legend: (Time is in decaauts)
 A = Elapsed time spent in this place.
 B = Non-inter-level travel time spent in this place.
 C = Inter-level travel time spent in this place.
 D = Time resting spent in this place.
 E = Time spent auto-exploring this place.
 F = Levels seen in this place.
 G = Mean time per level.
                   A        B        C        D        E       F      G
               +--------+--------+--------+--------+--------+-----+--------+
         Total |   3486 |   3337 |    149 |    161 |   2174 |   4 |  871.5 |
       Dungeon |   3486 |   3337 |    149 |    161 |   2174 |   4 |  871.5 |
               +--------+--------+--------+--------+--------+-----+--------+

Top non-repeatable levels by time:
     D:1: 1095 daAuts
     D:2: 1050 daAuts
     D:3: 914 daAuts
     D:4: 425 daAuts
